[Event "*** Titled Tuesday Blitz"]
[Site "Chess.com"]
[Date "2020.04.07"]
[Round "6"]
[White "AttilaTurzo"]
[Black "Zurability"]
[Result "1-0"]
[WhiteElo "2515"]
[BlackElo "2658"]
[TimeControl "180+1"]
[EndTime "14:09:06 PDT"]
[Termination "AttilaTurzo won by checkmate"]

1. d4 Nf6 2. Nf3 e6 3. Bf4 Be7 4. e3 Nh5 5. Be5 d6 6. Bg3 Nxg3 7. hxg3 c5 8. c3 h6 9. Nbd2 cxd4 10. cxd4 Nd7 11.
Be2 b6 12. Rc1 Bb7 13. O-O O-O 14. Qa4 a6 15. Qb3 e5 16. Rfd1 e4 17. Ne1 d5 18.
Nc2 Bd6 19. Nb4 Nf6 20. Nc6 Qc7 21. Na5 Qd7 22. Qxb6 Rfb8 23. Ndb3 Bc8 24. Qc6 Bb4 25. Qxd7 Bxd7 26. Nc6 Bxc6 27. Rxc6 a5 28. a4 Ne8 29. Rdc1 Kf8 30. R1c2 Ke7 31. Bb5 Nd6 32. Rc7+ Kf8 33. Bc6 Ra6 34. Bxd5 Rab6 35. R7c6 Ke7 36. Rxb6 Rxb6 37.
Kf1 g5 38. Ke2 Kd7 39. Nc5+ Ke7 40. b3 f5 41. Ne6 Rb8 42. Rc7+ Kf6 43. Nc5 Kg6 44. Nd7 Rd8 45. Ne5+ Kf6 46. Rh7 Rc8 47. Rxh6+ Ke7 48. Re6+ Kd8 49. Nc6+ Kd7 50. Ne5+ Kd8 51. Nc4 Nxc4 52. bxc4 Rb8 53. Bc6 Be7 54. Bb5 Rc8 55.
c5 Rc7 56. Re5 Bf6 57. Rxf5 Ke7 58. Rd5 Ke6 59. Rd6+ Ke7 60. Ra6 Rc8 61. Rxa5 Rh8 62.
Ra7+ Ke6 63. Bd7+ Kd5 64. Ra6 Be7 65. Be6# 1-0

[Event "*** Titled Tuesday Blitz"]
[Site "Chess.com"]
[Date "2020.04.07"]
[Round "6"]
[White "Rish_97"]
[Black "politeplayer"]
[Result "1-0"]
[WhiteElo "2574"]
[BlackElo "2215"]
[TimeControl "180+1"]
[EndTime "14:09:07 PDT"]
[Termination "Rish_97 won by resignation"]

1. e4 e6 2. d4 d5 3. Nc3 dxe4 4. Nxe4 Nd7 5. Nf3 Ngf6 6. Nxf6+ Nxf6 7. Be3 Bd6 8. Bd3 O-O 9. O-O b6 10. Qe2 Bb7 11. Rad1 h6 12. Ne5 c5 13. c3 Qc7 14.
Bf4 Nd5 15. Bc1 cxd4 16. cxd4 Nb4 17. Bb1 Ba6 18. Nd3 Bxh2+ 19. Kh1 Bd6 20. Qe4 Bb7 21. Qg4 f5 22. Qe2 Qe7 23. Ne5 Qh4+ 24. Kg1 Rf6 25.
f3 Bxe5 26. dxe5 Rg6 27. Qf2 Qxf2+ 28. Kxf2 Nd5 29. Bd3 Rg5 30. Bxg5 hxg5 31. Bc4 Rc8 32. b3 b5 33. Bxd5 Rc2+ 34. Ke3 Bxd5 35. Rd2 Rc3+ 36. Ke2 Rc8 37. Rfd1 b4 38. Ke3 f4+ 39. Kf2 Rc3 40. Rd4 a5 41. R1d3 Rc2+ 42. Rd2 Rc3 43.
R4d3 Rc5 44. g3 Kf7 45. gxf4 gxf4 46. Rd4 Kg6 47. Rxf4 Rc3 48. Rg4+ Kf5 49. Rg3 Kxe5 50. Re2+ Kf6 51. Re3 Rc2+ 52. Re2 Rc3 53. Rd2 Rc2 54.
Rxc2 1-0

[Event "*** Titled Tuesday Blitz"]
[Site "Chess.com"]
[Date "2020.04.07"]
[Round "6"]
[White "Enriquack"]
[Black "IAgrest"]
[Result "1/2-1/2"]
[WhiteElo "2390"]
[BlackElo "2202"]
[TimeControl "180+1"]
[EndTime "14:09:07 PDT"]
[Termination "Game drawn by repetition"]

1. e4 e5 2. Nf3 Nc6 3. Bb5 a6 4.
Ba4 Nf6 5. O-O Bc5 6. c3 b5 7. Bc2 d5 8. exd5 Qxd5 9. d4 exd4 10. Re1+ Kf8 11. Bg5 Qd6 12. cxd4 Nxd4 13. Nxd4 Qxd4 14.
Qf3 Qd5 15. Qxd5 Nxd5 16. a4 Bb7 17. axb5 axb5 18. Rxa8+ Bxa8 19. Be4 f6 20. Bh4 Kf7 21. Bg3 Bb6 22. Rc1 c6 23. Nc3 Re8 24. Bf3 Bb7 25.
h3 Nb4 26. Nxb5 cxb5 27. Bxb7 Nd3 28. Rd1 Nxb2 29. Bd5+ Kg6 30. Rb1 Nd3 31. Rxb5 Re1+ 32. Kh2 Bxf2 33. Bxf2 Nxf2 34. Rb2 Nd3 35. Rd2 Ne5 36.
Bg8 h6 37. Rd8 Re2 38. Kg3 Rb2 39. Bd5 Re2 40. Ba8 h5 41. h4 Re3+ 42. Kh2 Ra3 43. Be4+ Kf7 44. Rd1 Ng4+ 45. Kg1 Rc3 46. Bd5+ Kg6 47.
Bf3 Kf7 48. Bd5+ Kg6 49. Bf3 Kf7 50. Rd7+ Kg6 51. Be4+ Kh6 52. Rd1 Ra3 53. Bf3 Rc3 54. Rd5 Rc1+ 55. Rd1 Rc3 56. Kf1 Ra3 57. Rd8 Ra1+ 58.
Ke2 Ra3 59. Rh8+ Kg6 60. Rb8 Kh6 61. Be4 g6 62. Bf3 f5 63. Rh8+ Kg7 64. Rb8 Kf6 65. Rb7 Ke6 66. Rb6+ Kf7 67. Bd5+ Kg7 68. Bf3 Kf7 69.
Rb7+ Kf6 70. Rb6+ Kg7 71. Rb7+ Kf6 72. Rb6+ Kg7 73. Rb7+ Kf6 1/2-1/2

[Event "*** Titled Tuesday Blitz"]
[Site "Chess.com"]
[Date "2020.04.07"]
[Round "6"]
[White "esskeettit"]
[Black "quesfr"]
[Result "0-1"]
[WhiteElo "2318"]
[BlackElo "2191"]
[TimeControl "180+1"]
[EndTime "14:09:07 PDT"]
[Termination "quesfr won by resignation"]

1. d4 d5 2. c4 e6 3. Nc3 Nf6 4. cxd5 exd5 5. Bg5 c6 6. e3 Be7 7. Bd3 Nbd7 8. Qc2 h6 9. Bh4 Nh5 10. Bxe7 Qxe7 11. Nge2 Nb6 12. O-O Bd7 13. Rfe1 O-O 14.
Rad1 Nc8 15. e4 dxe4 16. Nxe4 Nd6 17. N2c3 Rae8 18. Qd2 Nxe4 19. Nxe4 Be6 20. Bb1 Bd5 21. Ng3 Qh4 22. Qd3 g6 23. Qd2 Nf4 24. Be4 Bxe4 25.
Nxe4 Nxg2 26. Kxg2 Rxe4 27. f3 Rf4 28. Re3 Qg5+ 29.
Kh1 Rd8 30. Qf2 Qf6 31. Red3 Rd5 32. Qe2 Rfxd4 33. Rxd4 Rxd4 34. Rg1 Qf4 35. Rd1 Rxd1+ 36. Qxd1 h5 37. Kg2 h4 38. Qd8+ Kg7 39. Qd3 Kh7 40. Qb3 b6 41. Qc3 c5 42. Qd3 Kg7 43. Qc3+ Kh6 44.
Qd3 Kg5 45. Qd5+ Kh6 46. Qd8 h3+ 47. Kxh3 Qxf3+ 48. Kh4 Qf2+ 49. Kh3 Qf3+ 50. Kh4 Kg7 51. Qd6 Qf2+ 52. Kh3 Qf3+ 53. Kh4 Qf6+ 54. Qxf6+ Kxf6 55. Kg4 Ke5 56. Kg5 c4 57. a4 a6 58. h4 b5 59. axb5 axb5 60. Kh6 Kf6 61. Kh7 b4 62. Kg8 c3 63. bxc3 bxc3 64. h5 gxh5 65. Kf8 h4 66.
Ke8 h3 67. Kd8 h2 0-1

[Event "*** Titled Tuesday Blitz"]
[Site "Chess.com"]
[Date "2020.04.07"]
[Round "6"]
[White "Willychess95"]
[Black "sorrm8thatscheckm8"]
[Result "0-1"]
[WhiteElo "2600"]
[BlackElo "2452"]
[TimeControl "180+1"]
[EndTime "14:09:08 PDT"]
[Termination "sorrm8thatscheckm8 won on time"]

1. e4 c5 2. Nf3 Nc6 3. d4 cxd4 4.
Nxd4 Nf6 5. Nc3 e5 6. Ndb5 d6 7. Nd5 Nxd5 8. exd5 Nb8 9. a4 a6 10. Na3 a5 11. Bb5+ Bd7 12. O-O Be7 13. Be3 O-O 14. Qd3 g6 15. Nc4 Bxb5 16. axb5 Nd7 17. b6 a4 18. b3 axb3 19. cxb3 f5 20. f3 Nf6 21. Ra7 Qd7 22. Rfa1 Rab8 23. Bf2 Rfc8 24. R7a5 Bf8 25. Bh4 Bg7 26. R1a2 Nh5 27. Bg5 h6 28. Bd2 Re8 29. Bb4 Bf8 30. Qf1 Nf4 31. g3 Nh5 32.
Qc1 Rbc8 33. Qa3 Red8 34. Re2 Nf6 35. Qa1 Qf7 36. Qd1 f4 37. g4 h5 38. h3 hxg4 39. hxg4 Nh7 40. Ra7 Ng5 41. Rf2 Nh3+ 42. Kg2 Nxf2 43.
Kxf2 Be7 44. Nd2 Bh4+ 45. Kg2 Bg3 46. Ne4 Qe7 47. g5 Kg7 48. Kf1 Rh8 49. Ke2 Rh2+ 50. Kd3 Qd7 51. Ra5 Qf5 52. Bxd6 Rf2 0-1

[Event "*** Titled Tuesday Blitz"]
[Site "Chess.com"]
[Date "2020.04.07"]
[Round "6"]
[White "Abdimalik_Abdisalimov"]
[Black "Atakishiyev04"]
[Result "1-0"]
[WhiteElo "2854"]
[BlackElo "2650"]
[TimeControl "180+1"]
[EndTime "14:09:09 PDT"]
[Termination "Abdimalik_Abdisalimov won on time"]

1. Na3 Nf6 2. Nb1 g6 3. g3 Bg7 4. Bg2 O-O 5. d3 d5 6. Nf3 c5 7. O-O Nc6 8. Nbd2 h6 9. e4 e5 10. c3 Re8 11. a4 Qc7 12. Re1 d4 13. Nc4 b6 14. Bd2 a6 15. cxd4 cxd4 16. b4 Bb7 17. b5 axb5 18. axb5 Na7 19. Qb3 Nd7 20. Rec1 Nc5 21. Qb1 Nc8 22. Rxa8 Bxa8 23. Bb4 Bf8 24. Bh3 Na7 25. Ba3 f5 26. Nfd2 fxe4 27. Bxc5 Bxc5 28. Nxe4 Bxe4 29. dxe4 Rf8 30. Be6+ Kh8 31.
Kg2 Qe7 32. Bd5 Qf6 33. Rf1 Qf3+ 34. Kg1 d3 35. Qe1 Bd4 36. Qd2 Kh7 37. Nb2 h5 38. Nxd3 h4 39. Ne1 Qg4 40. Kg2 h3+ 41. Kh1 Kg7 42.
f3 Qd7 43. f4 Qxb5 44. Nd3 exf4 45. gxf4 Nc6 46. Rc1 Ne7 47. Rc7 Qb1+ 48. Nc1 Bc5 49. f5 Qb4 50. Qxb4 Bxb4 51. Nd3 Bd6 52. Rd7 Ba3 53. Nf4 gxf5 54. Ne6+ Kf7 55. Nxf8+ Kxf8 56. exf5 Bc5 57. Be6 Kg7 58. f6+ Kxf6 59. Bxh3 b5 60. Rb7 b4 61. Kg2 Ke5 62. Kf3 Kd4 63. Be6 Nc6 64.
h4 Ke5 65. Bg8 1-0

[Event "*** Titled Tuesday Blitz"]
[Site "Chess.com"]
[Date "2020.04.07"]
[Round "6"]
[White "SmirnovTimofey2000"]
[Black "abhidabhi"]
[Result "1/2-1/2"]
[WhiteElo "2543"]
[BlackElo "2740"]
[TimeControl "180+1"]
[EndTime "14:09:09 PDT"]
[Termination "Game drawn by repetition"]

1. e4 e5 2. Nf3 Nc6 3. Bc4 Nf6 4. d3 Be7 5. c3 d6 6. O-O O-O 7. Bb3 Na5 8. Bc2 c5 9. Bg5 Nc6 10. Nbd2 h6 11. Bh4 Nh5 12. Bxe7 Qxe7 13. Kh1 Kh8 14.
Nc4 Nf4 15. Ne3 Be6 16. d4 cxd4 17. cxd4 exd4 18. Nxd4 Nxd4 19. Qxd4 Rfd8 20. a3 Qg5 21. g3 Nh5 22. Rg1 Qc5 23. Rad1 Nf6 24. Rd2 Ng4 25.
Nxg4 Bxg4 26. Kg2 Qh5 27. Bd1 Qh3+ 28. Kh1 a6 29. f4 Rac8 30. Bxg4 Qxg4 31. Qd3 Rc6 32.
Rgd1 Rdc8 33. Qe2 Qe6 34. Kg2 f5 35. exf5 Qxf5 36. Rxd6 Rxd6 37. Rxd6 Rc2 38. Rd2 Qd5+ 39. Rxd5 Rxe2+ 40. Kh3 Rxb2 41. a4 Rb4 42. a5 Kh7 43. Rd6 Rb5 44. Rd7 Kg6 45. Kg4 Kf6 46. Kh4 g6 47. Rh7 Rxa5 48. Rxb7 Rh5+ 49. Kg4 Rxh2 50. Rb6+ Kg7 51. Rxa6 Rd2 52. Ra7+ Kf6 53. Ra6+ Kf7 54.
Ra7+ Ke6 55. Ra6+ Kf7 56. Ra7+ Kf8 57. Rh7 Rh2 58. Ra7 Kg8 59. Ra8+ Kg7 60. Ra7+ Kf6 61.
Ra6+ Kf7 62. Ra7+ Kf6 63. Ra6+ Kg7 64. Ra7+ Kg8 65. Ra8+ Kf7 66. Ra7+ Kf8 67. Ra6 Kf7 68.
Ra7+ 1/2-1/2

[Event "*** Titled Tuesday Blitz"]
[Site "Chess.com"]
[Date "2020.04.07"]
[Round "6"]
[White "DonPreuss"]
[Black "AquivaRubinstein"]
[Result "1/2-1/2"]
[WhiteElo "2178"]
[BlackElo "2391"]
[TimeControl "180+1"]
[EndTime "14:09:09 PDT"]
[Termination "Game drawn - insufficient material"]

1. d4 Nf6 2. Nc3 d5 3. e4 dxe4 4. f3 c5 5. d5 e3 6. Bxe3 e6 7.
Bb5+ Nbd7 8. dxe6 fxe6 9. Nge2 Be7 10. O-O O-O 11. Bd3 Ne5 12. Be4 Nc4 13. Bc1 Nxe4 14. Nxe4 b6 15. b3 Na5 16. Bb2 Nc6 17. Qe1 e5 18.
Rd1 Qe8 19. N2g3 Qg6 20. Qe3 h5 21. Ne2 h4 22. N2c3 Nd4 23. Nd5 Bd8 24. c3 Ne6 25.
Nd6 Nf4 26. Nxf4 exf4 27. Qd2 Bh3 28. Ne4 Kh8 29. Kh1 Bf5 30. Qe2 Be7 31. Rd5 h3 32. g3 Bxe4 33. Qxe4 Qxe4 34. fxe4 fxg3 35. Rxf8+ Rxf8 36. hxg3 Rf1+ 37. Kh2 Rf2+ 38. Kxh3 Rxb2 39. Rd7 Bf6 40.
Rxa7 Bxc3 41. Kg4 Be5 42. Kf5 Bxg3 43. Kg6 Bb8 44. Ra8 Rg2+ 45. Kf7 Kh7 46. Rxb8 Rxa2 47. Rxb6 Re2 48. Re6 Rb2 49. Rb6 c4 50. b4 c3 51.
Rc6 c2 52. e5 Rxb4 53. Rxc2 Rf4+ 54. Ke6 Kg6 55. Rh2 Kg5 56. Rg2+ Kh6 57. Rh2+ Kg6 58. Rd2 Kg5 59. Rg2+ Kh5 60. Ke7 Re4 61. e6 g5 62.
Kf7 g4 63. e7 Kg5 64. e8=Q Rxe8 65. Kxe8 Kf4 66. Ke7 Kf3 67. Rg1 g3 68. Ra1 Kf2 69. Ke6 g2 70. Kf5 g1=Q 71. Rxg1 Kxg1 1/2-1/2

[Event "*** Titled Tuesday Blitz"]
[Site "Chess.com"]
[Date "2020.04.07"]
[Round "6"]
[White "kleinebeer98"]
[Black "Sam_ChessMood"]
[Result "0-1"]
[WhiteElo "2718"]
[BlackElo "2916"]
[TimeControl "180+1"]
[EndTime "14:09:11 PDT"]
[Termination "Sam_ChessMood won on time"]

1. e4 c5 2. Nf3 d6 3. d4 cxd4 4. Nxd4 Nf6 5. Nc3 a6 6. a3 e5 7. Nf5 d5 8. Bg5 d4 9. Bxf6 Qxf6 10. Nd5 Qc6 11. c4 g6 12. Nxd4 exd4 13. Qxd4 f6 14. Be2 Kf7 15. O-O Nd7 16. Kh1 Bg7 17. f4 Re8 18. b4 Nf8 19. f5 Nd7 20. Rf2 Kg8 21. c5 Ne5 22. fxg6 hxg6 23. Raf1 f5 24. exf5 Bxf5 25.
Bc4 Nxc4 26. Qxc4 Be6 27. Rd2 b6 28. h3 bxc5 29. bxc5 Rac8 30. Rc1 Bf7 31. a4 Re5 32. Rcd1 Qxc5 33. Qxc5 Rxc5 34. Nb4 Re6 35. Rd8+ Kh7 36. R8d7 Be8 37. Ra7 a5 38. Nd3 Rd5 39. Kh2 Red6 40. Re1 Bxa4 41. Nf4 Rf5 42. Ree7 Rxf4 43. Rxg7+ Kh6 44.
Rh7+ Kg5 45. Rxa5+ Kf6 46. Rha7 Bb3 47. Ra8 Bf7 48.
R8a7 Kg7 49. R5a6 Rff6 50. Rxd6 Rxd6 51. Ra3 Rd2 52. Rg3 Bd5 53. Kg1 Kh6 54. Rg4 g5 55.
Kh2 Kh5 56. Kg1 Be6 57. Rg3 Bf5 58. Kh2 Kh4 59. Rf3 Rxg2+ 60. Kxg2 Be4 0-1

[Event "*** Titled Tuesday Blitz"]
[Site "Chess.com"]
[Date "2020.04.07"]
[Round "6"]
[White "Harut-1998"]
[Black "Azeryahu"]
[Result "0-1"]
[WhiteElo "2656"]
[BlackElo "2864"]
[TimeControl "180+1"]
[EndTime "14:09:11 PDT"]
[Termination "Azeryahu won by resignation"]

1. d4 d5 2. c4 e6 3. Nf3 Nf6 4. g3 Bb4+ 5. Bd2 Bd6 6. Nc3 O-O 7. Qc2 Nbd7 8. Bg5 c6 9. e4 dxe4 10.
Nxe4 Bb4+ 11. Bd2 Bxd2+ 12. Nexd2 b6 13. Bg2 Bb7 14. c5 bxc5 15. dxc5 Qa5 16. b4 Qxb4 17. O-O Qxc5 18. Qxc5 Nxc5 19. Rfc1 Nd3 20. Rc3 Rfd8 21. Rb1 Rab8 22. Bf1 Nxf2 23. Kxf2 Ba8 24. Rxb8 Rxb8 25.
Rb3 Rd8 26. Ra3 Rd7 27. Rd3 Nd5 28. Ne5 Rc7 29. Rb3 Rc8 30. Nd7 g5 31. Rb8 Rxb8 32.
Nxb8 Kf8 33. Nd7+ Ke7 34. Nc5 f5 35. Nc4 Nb6 36. Ke3 Nxc4+ 37. Bxc4 e5 38. Bg8 h6 39. Bh7 Kd6 40. Nb3 f4+ 41. Kd3 Bb7 42. Nd2 Ba6+ 43. Ke4 Be2 44. Bg8 fxg3 45. hxg3 h5 46. Bc4 Bg4 47.
Bf7 h4 48. gxh4 gxh4 49. Bg6 h3 50. Ke3 h2 51. Be4 Be6 52. a3 Bd5 53. Kf2 h1=Q 54. Bxh1 Bxh1 55. Ke3 Bd5 56. Kd3 Kc5 57. Kc3 e4 58.
Nf1 Kd6 59. Ne3 Ke5 60. Nc2 c5 61. Ne3 Be6 62. Nd1 Kf4 63. Kd2 Bb3 64. Ne3 a5 65. Nf1 c4 66. Kc3 e3 67. Nh2 Kg3 68. Nf1+ Kf2 69.
Nh2 e2 70. Ng4+ Kg3 71. Ne5 e1=Q+ 0-1

[Event "*** Titled Tuesday Blitz"]
[Site "Chess.com"]
[Date "2020.04.07"]
[Round "6"]
[White "Carnivoras"]
[Black "Yanidze"]
[Result "1-0"]
[WhiteElo "2625"]
[BlackElo "2458"]
[TimeControl "180+1"]
[EndTime "14:09:12 PDT"]
[Termination "Carnivoras won by checkmate"]

1. d4 g6 2. c4 Bg7 3. Nc3 c5 4. d5 Bxc3+ 5. bxc3 f5 6. Nf3 Qa5 7. Qb3 d6 8. Bf4 Nf6 9. e3 Nbd7 10. Bd3 Nb6 11. O-O Bd7 12. Nd2 O-O-O 13. Qc2 Qa4 14. Rfb1 h6 15. h3 Qxc2 16. Bxc2 Na4 17. Rb3 Kc7 18. Ra3 Nb6 19. Rxa7 Ra8 20. Rxa8 Rxa8 21.
Bxh6 Ra3 22. Bb3 Ba4 23. Re1 Ne4 24. Nxe4 fxe4 25. Rb1 Nd7 26. Bg5 Bxb3 27. axb3 Kd8 28. Kh2 Ne5 29. b4 b6 30. bxc5 bxc5 31. Rb7 Nxc4 32.
Rxe7 Kc8 33. Rxe4 Nd2 34. Re6 Nf1+ 35. Kg1 Ra1 36. g4 Nxe3+ 37. Kh2 Nxd5 38. Rxd6 Nxc3 39.
Rxg6 Ne4 40. Be3 Ra2 41. Re6 Nxf2 42. Bxf2 Rxf2+ 43. Kg3 Rc2 44. g5 Kd7 45. Re1 c4 46.
h4 c3 47. g6 Ra2 48. h5 c2 49. g7 Ra8 50. h6 Rg8 51. Kg4 Rc8 52. Rc1 Ke7 53.
Rxc2 Rxc2 54. h7 Rg2+ 55. Kf3 Rxg7 56. h8=Q Rf7+ 57. Ke3 Ke6 58. Qh6+ Rf6 59. Qh3+ Ke5 60. Qh2+ Ke6 61. Ke4 Rg6 62. Qe5+ Kf7 63. Kf5 Rh6 64. Qc7+ Kg8 65. Kg5 Re6 66. Qc8+ Kf7 67. Qd7+ Re7 68. Qd5+ Ke8 69. Kf6 Rd7 70. Qg8# 1-0

[Event "*** Titled Tuesday Blitz"]
[Site "Chess.com"]
[Date "2020.04.07"]
[Round "6"]
[White "adiosabu"]
[Black "SoltaniciR"]
[Result "1-0"]
[WhiteElo "2504"]
[BlackElo "2618"]
[TimeControl "180+1"]
[EndTime "14:09:15 PDT"]
[Termination "adiosabu won on time"]

1. e4 c5 2. Nf3 d6 3. d4 cxd4 4. Nxd4 Nf6 5. f3 Nc6 6. c4 Qb6 7. Nc2 g6 8. Nc3 Bg7 9. Rb1 Ng4 10. Qd2 Bh6 11. Qe2 Bxc1 12. Rxc1 Qxb2 13. Qd2 Qb6 14. Nd5 Qd8 15. fxg4 Bxg4 16. Be2 Bxe2 17. Qxe2 e6 18. Nde3 Qh4+ 19. g3 Qxe4 20. O-O O-O 21. Rcd1 Rad8 22.
Qd2 Ne5 23. Qe2 f5 24. Rf4 Qc6 25. Rdf1 g5 26. R4f2 Kh8 27. Nd4 Qd7 28. Qh5 Qe7 29. h3 a6 30. Kh2 Rde8 31. Qh6 Qf6 32. Qxf6+ Rxf6 33. Ng4 Rf7 34. Nxe5 dxe5 35. Nf3 e4 36. Nxg5 Rc7 37. h4 h6 38. Nh3 Rxc4 39. Nf4 e5 40. Nd5 Rd4 41. Ne3 f4 42. gxf4 exf4 43.
Rxf4 Rd3 44. Ng4 e3 45. Nf6 Rf8 46. Re1 Rd2+ 47. Kh3 Rxa2 48. Nh5 Rxf4 49. Nxf4 Ra3 50. Kg4 a5 51. h5 Kg7 52. Kf5 Rb3 53. Nd5 b5 54. Ke6 a4 55. Rg1+ Kf8 56. Nf6 1-0

[Event "*** Titled Tuesday Blitz"]
[Site "Chess.com"]
[Date "2020.04.07"]
[Round "6"]
[White "KerryStead"]
[Black "VALPARAISO37"]
[Result "1-0"]
[WhiteElo "2174"]
[BlackElo "2303"]
[TimeControl "180+1"]
[EndTime "14:09:16 PDT"]
[Termination "KerryStead won on time"]

1. d4 Nf6 2. f3 c5 3. d5 e6 4. c4 exd5 5. cxd5 g6 6. e4 d6 7. Ne2 b5 8. a4 b4 9. Nd2 a5 10. Nc4 Bg7 11. Ng3 O-O 12. Be3 Ba6 13. Qd2 Bxc4 14. Bxc4 Nbd7 15. Rc1 Nb6 16. b3 Nfd7 17. O-O Re8 18. Bh6 Bd4+ 19. Kh1 Qh4 20. Bg5 Qxg5 21.
Qxg5 Re5 22. Qd2 Ree8 23. Ne2 Bg7 24. g4 Ne5 25. Kg2 Nexc4 26. bxc4 Nxa4 27. h4 Nb2 28. Qc2 a4 29. h5 b3 30. Qd2 a3 31. hxg6 hxg6 32.
Rh1 a2 33. Nc3 Nxc4 34. Qe2 b2 35. Qxc4 bxc1=Q 36. Rxc1 a1=R 37. Nb5 R8a2+ 38. Kg3 Ra4 39. Qf1 Be5+ 40. Kh4 Rxc1 41. Qxc1 Kg7 42. g5 Rh8+ 43. Kg4 Rh2 44. Qf1 Raa2 45. f4 Rag2+ 46. Kf3 Rf2+ 47. Qxf2 Rxf2+ 48. Kxf2 Bxf4 49. Kf3 Be5 50. Na3 f5 51. Nc4 Kf7 52. Ke3 Ke7 53. Kf3 Kd7 54. Ke3 Bc3 55.
exf5 gxf5 56. Kf4 Kc7 57. Kxf5 Ba1 58. Ke6 Be5 59. g6 Bg7 60. Nxd6 Kb6 61. Ne8 c4 62. d6 c3 63. d7 c2 64. d8=Q+ Kb5 65. Qd3+ Kc5 66.
Qxc2+ Kd4 67. Nxg7 1-0

[Event "*** Titled Tuesday Blitz"]
[Site "Chess.com"]
[Date "2020.04.07"]
[Round "6"]
[White "Korchmar_Vasiliy"]
[Black "WPWPWP-2015"]
[Result "1-0"]
[WhiteElo "2612"]
[BlackElo "2400"]
[TimeControl "180+1"]
[EndTime "14:09:17 PDT"]
[Termination "Korchmar_Vasiliy won by resignation"]

1. d4 d5 2. c4 c6 3. Nf3 Nf6 4. g3 e6 5. Bg2 Bb4+ 6. Nbd2 Nbd7 7. O-O O-O 8. Qc2 Be7 9. e4 dxe4 10. Nxe4 c5 11. Rd1 Nxe4 12. Qxe4 Nf6 13. Qe2 Qc7 14. Bf4 Bd6 15. Be5 Nd7 16. Bxd6 Qxd6 17. d5 Nf6 18. Qe5 Qxe5 19. Nxe5 exd5 20. cxd5 Re8 21.
Nc4 Bg4 22. Re1 Red8 23. h3 Bd7 24. Re7 Kf8 25. Rae1 Bb5 26. Na5 Nxd5 27. Rxb7 Nb6 28. Ree7 Be8 29. Bc6 Nd5 30. Rxe8+ Rxe8 31. Bxd5 Re1+ 32.
Kg2 Rd8 33. Rxf7+ Ke8 34. Bb3 Rd2 35. Rxg7 Ree2 36. Rf7 Rxb2 37. Rf4 Rbd2 38. Nc4 Rd4 39. Rf5 Rd3 40. Rxc5 Rc3 41. Rf5 Ke7 42. Rf4 Rd3 43. h4 Rd5 44. Rf3 Rc5 45. Ne3 Kd8 46. Nc4 Re1 47. Nd6 Kd7 48. Nf7 Rcc1 49. Kh3 Rh1+ 50. Kg4 Ke7 51. Ne5 Rce1 52. Nd3 h5+ 53. Kxh5 Re4 54. Nf4 Rd4 55. Kg4 Re1 56. Re3+ Rxe3 57. fxe3 Re4 58. Kf3 Rb4 59. h5 Kf8 60. g4 Rb5 61.
Ke4 Rc5 62. g5 Rb5 63. Ne6+ Kf7 64. Kf4 Kg8 65. g6 Kh8 66. Kg4 Rb4+ 67. Nf4 a5 68. Kg5 Rb5+ 69. Bd5 Rb7 70. h6 Rc7 71. g7+ Rxg7+ 72.
hxg7+ Kxg7 73. Kf5 Kf8 74. Ke6 Ke8 75. Ng6 1-0

[Event "*** Titled Tuesday Blitz"]
[Site "Chess.com"]
[Date "2020.04.07"]
[Round "6"]
[White "BobanBogosavljevic"]
[Black "Anton_Demchenko"]
[Result "0-1"]
[WhiteElo "2777"]
[BlackElo "2965"]
[TimeControl "180+1"]
[EndTime "14:09:18 PDT"]
[Termination "Anton_Demchenko won by resignation"]

1. Nf3 Nf6 2. c4 d6 3. d4 Nc6 4.
Nc3 e5 5. dxe5 dxe5 6. Qxd8+ Kxd8 7. Bg5 Be6 8. e3 Kc8 9. Be2 Nd7 10. O-O f6 11.
Bh4 a5 12. Rfd1 a4 13. Nd2 Nb6 14. Rac1 Be7 15. f3 Rd8 16. Bf2 Na5 17. c5 Nbc4 18. Nxc4 Nxc4 19. Rxd8+ Bxd8 20. Rc2 Be7 21. e4 Na5 22.
Nd5 Bd8 23. g3 Nc6 24. Rd2 Ra5 25. a3 Nd4 26. Bxd4 exd4 27. Rxd4 Rxc5 28. Rxa4 Bxd5 29. exd5 Rxd5 30. Kf2 Rd2 31. Rb4 c6 32. Ke3 Rc2 33.
Kd3 Rc1 34. Rc4 Rh1 35. h4 Bc7 36. Re4 Kd7 37. g4 Rxh4 38. b4 Rh1 39. a4 Rb1 40. b5 cxb5 41. axb5 Rxb5 42. Rd4+ Bd6 43. Kc4 Rc5+ 44. Kd3 b5 45. Bd1 Kc7 46. Bb3 Rc1 47. Bg8 h6 48. Bh7 Bc5 49. Rd5 Kb6 50. Ke4 b4 51. Rd7 Re1+ 52. Kf5 Re5+ 53. Kg6 Rg5+ 54. Kf7 Kc6 55. Rd8 b3 56. Be4+ Kc7 57. Rd5 Rxd5 58. Bxd5 b2 59. Be4 g5 60. Bb1 Bd4 61. Kg6 Kd6 62.
Kxh6 Ke5 63. Kg6 Kf4 64. Be4 Ke3 65. Kf5 Be5 66. Bb1 Kd2 67. Ba2 Kc1 68. f4 Bxf4 69. Kxf6 b1=Q 70. Bxb1 Kxb1 71. Kf5 Kc2 72. Ke4 Kc3 0-1

[Event "*** Titled Tuesday Blitz"]
[Site "Chess.com"]
[Date "2020.04.07"]
[Round "6"]
[White "cukin84"]
[Black "tonyq11"]
[Result "0-1"]
[WhiteElo "2103"]
[BlackElo "2276"]
[TimeControl "180+1"]
[EndTime "14:09:23 PDT"]
[Termination "tonyq11 won by checkmate"]

1. e4 c5 2. Nc3 Nc6 3. Bb5 Nd4 4. Bc4 e6 5. Nf3 a6 6. a4 b6 7. Nxd4 cxd4 8. Ne2 Qg5 9. O-O Bc5 10. d3 Qh4 11. c3 dxc3 12. bxc3 Bb7 13. d4 Bd6 14. Ng3 Nh6 15. e5 Be7 16. f3 Rc8 17. Qe2 O-O 18. Bd2 d6 19. Be1 dxe5 20. Nf5 Qf6 21. Nxe7+ Qxe7 22. dxe5 Qc5+ 23. Rf2 Qxc4 24. Qb2 b5 25.
axb5 axb5 26. Ra7 Bd5 27. h3 Nf5 28. g4 Ne3 29. Qc1 Qc5 30. Ra1 Nc4 31. Kg2 Ra8 32. Rfa2 Rxa2+ 33. Rxa2 Rc8 34. Bf2 Qc6 35. Bd4 Bxf3+ 36.
Kg3 Bd5 37. Qf4 Ra8 38. Rf2 Qd7 39. g5 g6 40. h4 Bc6 41. h5 gxh5 42. Kh4 Qd5 43.
Rh2 Qe4 44. Qxe4 Bxe4 45. Kxh5 Bg6+ 46. Kh6 Rb8 47. Bc5 Nb6 48. Bd6 Rc8 49. Ra2 Nd7 50. Bb4 Bd3 51. Ra7 Nxe5 52. g6 hxg6 53. Kg5 Nf3+ 54.
Kf6 g5 55. Rxf7 g4 56. Rg7+ Kh8 57. Bd6 e5 58. Re7 Rf8+ 59. Ke6 Kg8 60. Bxe5 Bf5+ 61. Kd5 Rd8+ 62. Kc6 Nxe5+ 63. Rxe5 Bd3 64. Rg5+ Kf7 65. Rxg4 Bc4 66. Kc5 Rd3 67. Kb4 Ke6 68. Rd4 Rxd4 69. cxd4 Kd5 70. Kc3 Bf1 71. Kb4 Kxd4 72. Kb3 Bc4+ 73.
Kc2 Kc5 74. Kb2 b4 75. Kc2 Ba6 76. Kb2 Bc8 77. Kb3 Kb5 78. Kb2 Kc4 79. Kc2 b3+ 80. Kb2 Kb4 81. Kb1 Kc3 82. Kc1 b2+ 83. Kb1 Bf5+ 84. Ka2 b1=Q+ 85. Ka3 Qb3# 0-1

[Event "*** Titled Tuesday Blitz"]
[Site "Chess.com"]
[Date "2020.04.07"]
[Round "6"]
[White "Chigorinetz"]
[Black "DrVelja"]
[Result "0-1"]
[WhiteElo "2506"]
[BlackElo "2637"]
[TimeControl "180+1"]
[EndTime "14:09:26 PDT"]
[Termination "DrVelja won on time"]

1. e4 c5 2. Nc3 Nc6 3. Nge2 g6 4. d4 cxd4 5. Nxd4 Bg7 6. Nb3 Nf6 7. Be2 d6 8. O-O O-O 9. Re1 Be6 10. Bf1 Rc8 11.
Nd5 Nd7 12. c3 a6 13. Bg5 h6 14.
Bh4 b5 15. a4 g5 16. axb5 axb5 17. Bg3 Rb8 18. h4 b4 19. hxg5 hxg5 20. Nd4 Nxd4 21. cxd4 Nb6 22. Ne3 Rc8 23. Ra7 Ra8 24. Rxa8 Qxa8 25.
d5 Bd7 26. Qh5 f6 27. Bd3 Rc8 28. e5 dxe5 29. Qh7+ Kf8 30. d6 exd6 31. Rd1 d5 32.
Bf5 Qb7 33. Ng4 Bxf5 34. Qxf5 Qd7 35. Qxd7 Nxd7 36. Rxd5 Ke7 37. Ne3 Ke6 38. Ra5 Rc6 39.
f3 f5 40. Be1 Bf8 41. Kf1 Bc5 42. Nc4 Bd4 43. b3 Nc5 44. Bxb4 Nxb3 45. Ra3 Rxc4 46.
Rxb3 e4 47. fxe4 fxe4 48. Bd2 g4 49. Bf4 Rc2 50. g3 Kd5 51. Rb8 Kc4 52. Rd8 e3 53.
Ke1 Bc3+ 54. Kd1 e2+ 55. Kxc2 e1=Q 56. Rc8+ Kd4 57. Rd8+ Kc4 58. Rc8+ Kb4 0-1

[Event "*** Titled Tuesday Blitz"]
[Site "Chess.com"]
[Date "2020.04.07"]
[Round "6"]
[White "CarlosAlbornoz"]
[Black "mamonika"]
[Result "0-1"]
[WhiteElo "2703"]
[BlackElo "1949"]
[TimeControl "180+1"]
[EndTime "14:09:27 PDT"]
[Termination "mamonika won by checkmate"]

1. e4 c6 2. d4 d5 3. e5 c5 4.
dxc5 e6 5. a3 Bxc5 6. b4 Bb6 7.
Qg4 Ne7 8. Bd3 Nbc6 9. Nf3 Ng6 10. Bb2 Qc7 11. Bxg6 hxg6 12. Nbd2 a5 13. O-O Ne7 14.
c4 axb4 15. axb4 Rxa1 16. Rxa1 dxc4 17. Nxc4 O-O 18. Ng5 Nf5 19. Qh3 Rd8 20. Nd6 Bxf2+ 21. Kh1 Nh6 22. Rf1 Qc2 23. Ba1 Qe2 24. Rc1 Bd7 25. Qf3 Qxf3 26. Nxf3 Bc6 27. Bd4 Bxf3 28. Bxf2 Bd5 29. Bb6 Ra8 30. h3 Ra2 31. Rg1 Nf5 32. Kh2 Nh4 33. Kg3 Nxg2 34. Rc1 g5 35. Rc8+ Kh7 36. Nxf7 Ra3+ 37. Kf2 Rf3+ 38. Kxg2 Rc3+ 39.
Kf2 Rxc8 40. Nxg5+ Kg6 41. Nf3 Rf8 42. Ke3 Rxf3+ 43. Kd4 Rxh3 44. Kc5 Kf5 45. Bd8 Rc3+ 46. Kd6 Rc6+ 47. Ke7 Rc4 48. b5 Kxe5 49. b6 Kf5 50. Kd7 g5 51. Bxg5 Kxg5 52. Kd8 Kf5 53. Kd7 Rc6 54. Kd8 Rxb6 55. Kc7 Rc6+ 56. Kb8 b5 57. Ka7 b4 58. Kb8 b3 59. Ka7 b2 60. Kb8 b1=Q+ 61.
Ka7 Qb6+ 62. Ka8 Rc1# 0-1